 Dungeon Sprint DCSS version 0.29.1-15-g9cfb28693d (webtiles) character file.

Game seed: 6628905023921350530

1200000 Ast3rio the Sorcerer (level 15, -25/90 HPs)
             Began as a Djinni Hedge Wizard on Mar 15, 2023.
             Was a Priest of Makhleb.
             Annihilated by a bag of meat
             ... wielding a +9 war axe
              (47 damage)
             ... in the Dungeon (Sprint VIII: "Arena of Blood").
             The game lasted 00:02:08 (12 turns).

Ast3rio the Sorcerer (Djinni Hedge Wizard)            Turns: 12, Time: 00:02:08

Health: -25/90     AC:  2    Str:  9    XL:     15   Next: 14%
Gold:   0          EV: 19    Int: 24    God:    Makhleb [***...] SH:  0 Dex: 12

rFire   + + .      SeeInvis .   i - +∞ Axe of Woe
rCold   x . .      Faith    .   (shield currently unavailable)
rNeg    . . .      Spirit   .   b - +0 robe
rPois   ∞          Reflect  .   c - +0 hat
rElec   .          Harm     .   (no cloak)
rCorr   .          Rampage  .   (no gloves)
Will    +....      NoTele   +   (boots unavailable)
Stlth   +++++.....              (no amulet)
HPRegen 0.25/turn               (no ring)
MPRegen 0.00/turn               (no ring)

@: flying
A: sickness immunity, fire resistance 2, cold vulnerability 1, float, innate
caster, HP casting, extra vitality 1
a: Renounce Religion, Minor Destruction, Lesser Servant of Makhleb


You were in the Dungeon.
You worshipped Makhleb.
Makhleb was most pleased with you.
You visited 1 branch

Inventory:

Hand Weapons
 a - a +0 dagger
 i - the +∞ Axe of Woe (weapon)
   (You found it in the Dungeon)
Armour
 b - a +0 robe (worn)
 c - a +0 hat (worn)
Scrolls
 h - a scroll of blinking
Potions
 d - a potion of curing
 e - a potion of heal wounds
 f - a potion of haste
 g - a potion of berserk rage


   Skills:
 + Level 2.3 Fighting
 + Level 8.5 Axes
 + Level 16.4 Dodging
 + Level 11.9 Stealth
 + Level 26.1 Spellcasting


You had 29 spell levels left.
You knew the following spells:

 Your Spells              Type           Power      Damage    Failure   Level
a - Magic Dart            Conj           100%       1d8       0%          1
b - Blink                 Tloc           100%       N/A       0%          2
c - Call Imp              Summ           100%       N/A       0%          2
d - Slow                  Hex            100%       N/A       0%          1
e - Conjure Flame         Conj/Fire      100%       6-21      0%          3
f - Mephitic Cloud        Conj/Pois/Air  100%       N/A       0%          3
g - Shock                 Conj/Air       100%       1d9       0%          1
h - Static Discharge      Conj/Air       100%       3-16/arc  0%          2
i - Spider Form           Tmut/Pois      100%       N/A       0%          3
j - Ozocubu's Armour      Ice            100%       N/A       0%          3
k - Freezing Cloud        Conj/Ice/Air   51%        6-21      0%          5
l - Lightning Bolt        Conj/Air       51%        1d72      0%          5
m - Eringya's Noxious Bo  Tmut/Pois      51%        N/A       0%          6
Your spell library was empty.

Dungeon Overview and Level Annotations

Branches:
Dungeon (1/1)

Altars:
Makhleb


Innate Abilities, Weirdness & Mutations

You are immune to sickness and miasma.
You are immune to poison.
Your flesh is very heat resistant. (rF++)
You are vulnerable to cold. (rC-)
You float through the air rather than walking.
You learn spells naturally, not from books.
Your magical power is your life essence.
You have superior vitality. (+4 MHP)


Message History

Makhleb accepts your kill.
You can now harness Makhleb's destructive might.
You feel better.
You hit the bag of meat.
You cleave the bag of meat in twain.
You kill the bag of meat!
Makhleb accepts your kill.
You hear a shout! x18
The bag of meat hits you with a +9 war axe!!
You hear a shout!
Your Fighting skill increases to level 2!
Your Axes skill increases to level 8!
Your Dodging skill increases to level 16!
Your Spellcasting skill gained 2 levels and is now at level 26!
You have reached level 15!
Your experience leads to an increase in your attributes!
Increase (S)trength, (I)ntelligence, or (D)exterity?
You feel clever. x2
The power to cast Eringya's Noxious Bog wells up from within.
Spell assigned to 'm'.
You hit the meat berserker.
You dissect the meat berserker like a pig carcass.
You kill the meat berserker!
Makhleb accepts your kill.
You feel better.
You hit the bag of meat.
You hew the bag of meat savagely.
You kill the bag of meat!
Makhleb accepts your kill.
You can now summon a lesser servant of Makhleb.
The bag of meat appears out of thin air!
A bag of meat comes into view. It is wielding a +9 war axe.
The bag of meat appears out of thin air!
A bag of meat comes into view. It is wielding a +9 war axe.
You hear a shout! x8
A bag of meat comes into view. It is wielding a +9 war axe.
You hear a shout! x4
The meat berserker hits you with a +9 battleaxe!!!
Ouch! That really hurt!
* * * LOW HITPOINT WARNING * * *
You hear a shout! x2
The bag of meat hits you with a +9 war axe!!!
Ouch! That really hurt!
You die...

#.. ..# #... ..#
. .###... ..###.
........###......
#.. ....._.....
.... #.....#
..... #o.<._# .
....o.#.o...#o...
#.....)O@o.......
.......o###......
...###oo. ..###.
. #.o.. ..#
#.o... .#
........o
...........
...o......


You could see a meat berserker (berserk) and 11 bags of meat.

Vanquished Creatures
  3 ogres (D)
  5 orcs (D)
8 creatures vanquished.

Notes
Turn   | Place    | Note
-------+----------+-------------------------------------------
     0 | D        | Found the +∞ Axe of Woe
     0 | D        | Ast3rio the Djinni Hedge Wizard began the quest for the
                  | Orb.
     0 | D        | Ast3rio set off with the following spells memorised: Magic
                  | Dart, Blink, Call Imp, Slow, Conjure Flame, Mephitic Cloud.
     0 | D        | Reached XP level 1. HP: 15/15 MP: 0/0
     2 | D        | Noticed a bag of meat
     2 | D        | Noticed a bag of meat
     4 | D        | Became a worshipper of Makhleb the Destroyer
     4 | D        | Noticed a bag of meat
     6 | D        | Noticed a meat berserker
     6 | D        | Noticed a meat berserker
     7 | D        | Killed a bag of meat
     7 | D        | Noticed a bag of meat
     7 | D        | Noticed a bag of meat
     7 | D        | Noticed a bag of meat
     7 | D        | Noticed a bag of meat
     7 | D        | Noticed a bag of meat
     8 | D        | Reached skill level 10 in Dodging
     8 | D        | Reached skill level 17 in Spellcasting
     8 | D        | Reached XP level 2. HP: 21/21 MP: 0/0
     8 | D        | Reached XP level 3. HP: 25/25 MP: 0/0
     8 | D        | Learned a level 1 spell: Shock
     8 | D        | Reached XP level 4. HP: 31/31 MP: 0/0
     8 | D        | Reached XP level 5. HP: 35/35 MP: 0/0
     8 | D        | Learned a level 2 spell: Static Discharge
     8 | D        | Reached XP level 6. HP: 40/40 MP: 0/0
     8 | D        | Reached XP level 7. HP: 45/45 MP: 0/0
     8 | D        | Learned a level 3 spell: Spider Form
     8 | D        | Reached XP level 8. HP: 50/50 MP: 0/0
     8 | D        | Reached XP level 9. HP: 55/55 MP: 0/0
     8 | D        | Learned a level 3 spell: Ozocubu's Armour
     8 | D        | Reached XP level 10. HP: 60/60 MP: 0/0
     8 | D        | Reached XP level 11. HP: 65/65 MP: 0/0
     8 | D        | Learned a level 5 spell: Freezing Cloud
     8 | D        | Killed a meat berserker
     8 | D        | Reached * piety under Makhleb
     8 | D        | Noticed a bag of meat
     8 | D        | Noticed a bag of meat
     8 | D        | Noticed a bag of meat
     8 | D        | Noticed a bag of meat
     9 | D        | Reached skill level 5 in Axes
     9 | D        | Reached skill level 21 in Spellcasting
     9 | D        | Reached XP level 12. HP: 70/70 MP: 0/0
     9 | D        | Reached XP level 13. HP: 75/75 MP: 0/0
     9 | D        | Learned a level 5 spell: Lightning Bolt
     9 | D        | Noticed a meat berserker
     9 | D        | Noticed a meat berserker
    10 | D        | Killed a bag of meat
    10 | D        | Killed a meat berserker
    10 | D        | Noticed a bag of meat
    10 | D        | Noticed a bag of meat
    11 | D        | Reached skill level 1 in Fighting
    11 | D        | Reached skill level 15 in Dodging
    11 | D        | Reached skill level 24 in Spellcasting
    11 | D        | Reached XP level 14. HP: 80/84 MP: 0/0
    11 | D        | Killed a bag of meat
    11 | D        | Reached ** piety under Makhleb
    11 | D        | Killed a bag of meat
    12 | D        | Reached skill level 26 in Spellcasting
    12 | D        | Reached XP level 15. HP: 60/90 MP: 0/0
    12 | D        | Learned a level 6 spell: Eringya's Noxious Bog
    12 | D        | Killed a meat berserker
    12 | D        | Reached *** piety under Makhleb
    12 | D        | Annihilated by a bag of meat

Illustrated notes

Levels and vault maps discovered:
D:        meatsprint

Skill      XL: |  1  2  3  4  5  6  7  8  9 10 11 12 13 14 |
---------------+-------------------------------------------+-----
Axes           | 3 5 7 8 |  8.5
Dodging        | 10 13 15 16 | 16.4
Stealth        | 7 9 11 | 11.9
Spellcasting   | 17 21 24 26 | 26.1
Fighting       | 1 2 |  2.3

Action                   |  1- 3 |  4- 6 |  7- 9 | 10-12 | 13-15 || total
-------------------------+-------+-------+-------+-------+-------++-------
Melee: Executioner's axe |     1 |       |       |     1 |     3 ||     5
Dodge: Dodged            |       |       |       |       |     1 ||     1
